 Dungeon Crawl Stone Soup version 0.19-a0-1008-g4c63d25 (webtiles) character file.

159 Implojin the Ruffian (level 5, -7/45 HPs)
             Began as a Minotaur Fighter on July 21, 2016.
             Mangled by agentgt's ghost (13 damage)
             ... on level 4 of the Dungeon.
             The game lasted 00:00:51 (146 turns).

Implojin the Ruffian (Minotaur Fighter)              Turns: 146, Time: 00:00:52

Health: -7/45      AC:  6    Str: 21    XL:     5   Next: 17%
Magic:  4/4        EV:  7    Int:  5    God:
Gold:   0          SH:  9    Dex: 10    Spells: 0 memorised, 4 levels left

rFire  . . .     SeeInvis .       - Unarmed
rCold  . . .     Gourm    .     a - +0 scale mail
rNeg   . . .     Faith    .     b - +0 shield
rPois  .         Spirit   .     (helmet restricted)
rElec  .         Dismiss  .     (no cloak)
rCorr  .         Reflect  .     (no gloves)
SustAt .         Harm     .     (no boots)
MR     .....                    (no amulet)
Stlth  ..........               (no ring)
                                (no ring)

@: not resistant to hostile enchantments, extremely unstealthy
A: retaliatory headbutt, horns 2
a: no special abilities


You were on level 4 of the Dungeon.
You were not hungry.

You visited 1 branch of the dungeon, and saw 5 of its levels.

Inventory:

Armour
 a - a +0 scale mail (worn)
 b - a +0 shield (worn)
 h - a +0 pair of boots
Scrolls
 c - a scroll of teleportation {unknown}
 g - a scroll of fog {unknown}
Potions
 e - a potion of flight {unknown}
 f - a potion of heal wounds {unknown}
 i - a potion of brilliance {unknown}
Comestibles
 d - a bread ration


   Skills:
 - Level 3.6 Fighting
 - Level 3.6 Armour
 - Level 3.6 Shields
 * Level 6.0 Unarmed Combat


You had 4 spell levels left.
You didn't know any spells.

Dungeon Overview and Level Annotations

Branches:
Dungeon (5/15)
 Temple: D:4-7

Altars:

Annotations:
D:4 agentgt's ghost, amateur MiCK


Innate Abilities, Weirdness & Mutations

You reflexively headbutt those who attack you in melee.
You have a pair of horns on your head.


Message History

Agentgt's ghost is lightly damaged.
Agentgt's ghost hits you but does no damage.
Your shield and scale mail prevent you from hitting agentgt's ghost.
Your headbutt misses agentgt's ghost.
Agentgt's ghost is lightly damaged.
You block agentgt's ghost's attack.
Your shield and scale mail prevent you from hitting agentgt's ghost.
Agentgt's ghost is lightly damaged.
You barely miss agentgt's ghost.
Agentgt's ghost is lightly damaged.
You block agentgt's ghost's attack.
Your scale mail prevents you from hitting agentgt's ghost.
You headbutt agentgt's ghost, but do no damage.
Agentgt's ghost is lightly damaged.
Agentgt's ghost hits you but does no damage.
You closely miss agentgt's ghost.
Agentgt's ghost is lightly damaged.
You block agentgt's ghost's attack.
You hit agentgt's ghost.
You headbutt agentgt's ghost, but do no damage.
Agentgt's ghost is lightly damaged.
Agentgt's ghost closely misses you. You furiously retaliate!
You headbutt agentgt's ghost.
You hit agentgt's ghost but do no damage.
Agentgt's ghost is moderately damaged.
Agentgt's ghost hits you.
* * * LOW HITPOINT WARNING * * *
Unknown command.
Your shield and scale mail prevent you from hitting agentgt's ghost.
Your headbutt misses agentgt's ghost.
Agentgt's ghost is moderately damaged.
Agentgt's ghost hits you!
* * * LOW HITPOINT WARNING * * *
Unknown command.
Okay, then.
Okay, then.
You hit agentgt's ghost but do no damage.
Agentgt's ghost is moderately damaged.
Agentgt's ghost hits you!
You die...

#.#..#### #.......#
........# .### #.......
..###### #....#.##
#.##... #/.....
#.##.###
#....W####......#
#....@..........#####
#.....................#
#.#..#.####....>..###
#. #. #..#.....# #
#.....###......# #####.
...#.#.# .. .....## #
####$##... #. #####


You could see agentgt's ghost.

Vanquished Creatures
  Duvessa (D:5)
  Dowan (D:5)
  An orc (D:3)
3 creatures vanquished.

Notes
Turn   | Place    | Note
-------+----------+-------------------------------------------
     0 | D:1      | Implojin the Minotaur Fighter began the quest for the Orb.
     0 | D:1      | Reached XP level 1. HP: 19/19 MP: 0/0
    88 | D:3      | You fall through a shaft for 2 floors!
    88 | D:5      | Entered Level 5 of the Dungeon
    88 | D:5      | Noticed Duvessa
    88 | D:5      | Noticed Dowan
   109 | D:5      | Killed Duvessa
   109 | D:5      | Reached skill level 5 in Unarmed Combat
   109 | D:5      | Reached XP level 2. HP: 8/26 MP: 1/1
   109 | D:5      | Reached XP level 3. HP: 10/31 MP: 2/2
   109 | D:5      | Reached XP level 4. HP: 13/39 MP: 3/3
   110 | D:5      | Killed Dowan
   110 | D:5      | Reached skill level 6 in Unarmed Combat
   110 | D:5      | Reached XP level 5. HP: 15/45 MP: 4/4
   132 | D:4      | Noticed agentgt's ghost (amateur MiCK)
   146 | D:4      | Mangled by agentgt's ghost

Vault maps used:
D:1:      dpeg_arrival_water_altar, minmay_pentomino_w4
D:2:      uniq_crazy_yiuf_cottage
D:3:      lemuel_crystal_altar, lightli_temple_of_fire, first_bread
D:4:      nemelex_xobeh_ov_fountains_minmay, nemelex_lonely_heart_becter,
          uniq_natasha, uniq_eustachio, uniq_edmund
D:5:      overflow_temple_1_default, kennysheep_mini, uniq_duvessa, uniq_sigmund

Skill      XL: |  1  2  3  4 |
---------------+-------------+-----
Unarmed Combat | 5 6 |  6.0
Fighting       | |  3.6
Armour         | |  3.6
Shields        | |  3.6

Action                   |  1- 3 |  4- 6 || total
-------------------------+-------+-------++-------
Melee: Unarmed           |    15 |    13 ||    28
       Headbutt          |     2 |     3 ||     5
  Use: Potion            |     1 |       ||     1
Armor: Scale mail        |     5 |     3 ||     8
Dodge: Dodged            |     2 |     1 ||     3
Block: Shield            |     5 |     4 ||     9

Table legend:
 A = Turns spent in this place as a percentage of turns spent in the entire game.
 B = Non-inter-level travel turns spent in this place as a percentage of non-inter-level travel turns spent in the entire game.
 C = Inter-level travel turns spent in this place as a percentage of turns spent in this place.
 D = Turns resting spent in this place as a percentage of non-inter-level travel turns spent in this place.
 E = Turns spent auto-exploring this place as a percentage of non-inter-level travel turns spent in this place.
 F = Non-inter-level travel turns spent in this place divided by the number of levels of this place that you've seen.
                   A       B       C       D       E      F
               +-------+-------+-------+-------+-------+----------------------
         Total | 100.0 | 100.0 |   0.0 |   0.0 |   0.0 |  31.4
       Dungeon | 100.0 | 100.0 |   0.0 |   0.0 |   0.0 |  31.4
               +-------+-------+-------+-------+-------+----------------------

Table legend:
 A = Kills in this place as a percentage of kills in entire the game.
 B = Kills by you in this place as a percentage of kills by you in the entire game.
 C = Kills by friends in this place as a percentage of kills by friends in the entire game.
 D = Other kills in this place as a percentage of other kills in the entire game.
 E = Experience gained in this place as a percentage of experience gained in the entire game.
 F = Experience gained in this place divided by the number of levels of this place that you have seen.
                   A       B       C       D       E      F
               +-------+-------+-------+-------+-------+----------------------
         Total | 100.0 | 100.0 |  -nan |  -nan | 100.0 |  45.6
       Dungeon | 100.0 | 100.0 |  -nan |  -nan | 100.0 |  45.6
               +-------+-------+-------+-------+-------+----------------------
